 Dungeon Crawl Stone Soup version 0.18.1-50-g88ac8fd (webtiles) character file.

968 grisgris the Covert (level 7, 0/46 HPs)
             Began as a Vampire Enchanter on Oct 24, 2016.
             Killed by divine providence
             ... invoked by an orc priest
              (12 damage)
             ... on level 5 of the Dungeon.
             The game lasted 00:16:57 (5549 turns).

grisgris the Covert (Vampire Enchanter)             Turns: 5549, Time: 00:16:58

Health: 0/46       AC:  0    Str:  7    XL:     7   Next: 93%
Magic:  0/12       EV: 23    Int: 19    God:
Gold:   293        SH:  0    Dex: 20    Spells: 2 memorised, 7 levels left

rFire  . . .     SeeInvis +     (weapon currently unavailable)
rCold  + + .     Gourm    .     (armour currently unavailable)
rNeg   + + +     Faith    .     (shield currently unavailable)
rPois  ∞         Spirit   .     (helmet currently unavailable)
rElec  .         Dismiss  +     (cloak currently unavailable)
rCorr  .         Reflect  .     (gloves currently unavailable)
SustAt .         Harm     .     (boots currently unavailable)
MR     .....                    a - amulet of dismissal
Stlth  +++++.....               (ring currently unavailable)
                                (ring currently unavailable)

@: bat-form, flying, very slightly contaminated, bloodless, non-regenerating,
very quick, not resistant to hostile enchantments, quite stealthy
A: fangs 3, see invisible, (unbreathing)
a: End Transformation


You were on level 5 of the Dungeon.
You were bloodless.
You were in vampire-bat-form.
You visited 1 branch of the dungeon, and saw 5 of its levels.

You collected 293 gold pieces.

Inventory:

Hand Weapons
 d - a +0 short sword of flaming
 i - a +2 dagger of venom
 o - a +1 vampiric dagger (melded)
Armour
 b - a +1 robe (melded)
 e - a +0 helmet (melded)
 g - a +1 pair of boots (melded)
 q - a +0 pair of gloves
Jewellery
 a - an amulet of dismissal (around neck)
 s - a ring of poison resistance (melded)
Wands
 p - a wand of iceblast (6/15)
Scrolls
 f - 2 scrolls of amnesia
 h - a scroll of enchant weapon {unknown}
 j - 4 scrolls of identify
 k - 5 scrolls of teleportation
 m - a scroll of remove curse
Potions
 l - 2 potions of resistance {unknown}
 n - 2 potions of agility {unknown}
 r - a potion of cure mutation {unknown}
Books
 c - a book of Maledictions

   Spells                             Type                      Level
   a - Corona                         Hexes                        1
   b - Ensorcelled Hibernation        Hexes/Ice                    2
   c - Confuse                        Hexes                        3
   d - Tukima's Dance                 Hexes                        3
   e - Dazzling Spray                 Conjuration/Hexes            3


   Skills:
 + Level 3.5 Short Blades
 + Level 4.3 Dodging
 * Level 8.1 Stealth
 + Level 3.3 Spellcasting
 * Level 8.0 Hexes
 + Level 2.8 Ice Magic


You had 7 spell levels left.
You knew the following spells:

 Your Spells              Type           Power        Failure   Level  Hunger
a - Ensorcelled Hibernat  Hex/Ice        ###...       2%          2    ##.....
b - Confuse               Hex            ####....     1%          3    ###....


Dungeon Overview and Level Annotations

Branches:
Dungeon (5/15)
 Temple: D:4-7

Altars:
Cheibriados
Elyvilon
Fedhas
Kikubaaqudgha
Makhleb
Pakellas

Shops:
D:4 (


Innate Abilities, Weirdness & Mutations

You do not heal naturally.
You are immune to poison.
You have razor-sharp teeth.
You have supernaturally acute eyesight.
((You can survive without breathing.))


Message History

The orc priest hits you but does no damage.
Drink which item? (? for menu, Esc to quit)
You feel better.
The orc priest mumbles some strange prayers to Beogh against you.
Beogh smites you!
Drink which item? (? for menu, Esc to quit)
You feel better.
The orc priest hits you with a morningstar of protection!
* * * LOW HITPOINT WARNING * * *
There is a stone staircase leading down here.
You turn into a vampire bat.
Your +1 vampiric dagger melds into your body.
Your +0 helmet melds into your body.
Your +1 pair of boots melds into your body.
Your +1 robe melds into your body.
Your ring of poison resistance melds into your body.
You feel your glee subside.
The orc priest invokes the aid of Beogh against you.
Beogh smites you!
You die...

### ##### ###
#.#########.#.#####.###
#.....................###
#.##.....†..#.#####.....#
#.......).....# #.......#
####.######.#.# #.#.##.##
#.#........# #.#.##.#
####.####.#.#.###.#.##.#
...............ob...##.#
####.##.#...#.###.####.#
#.##.#.#.#..........#
####..............####.#
.............†#.#.# #.#
..........#.#.#.#.# ...
................... #.##
.##...........#.#... ...
.##.##...####.#.###.####


You could see an orc priest.

Vanquished Creatures
  Grinder (D:4)
  2 ice beasts (D:5)
  An ogre (D:4)
  A crimson imp (D:5)
  A giant frog skeleton (D:5)
  3 orc priests
  2 orc wizards
  An iguana (D:5)
  A worker ant (D:5)
  A mummy (D:5)
  Robin (D:4)
  9 adders
  A shadow imp (D:5)
  3 worms
  5 dart slugs
  2 giant geckos
  13 orcs
  2 ball pythons (D:2)
  15 bats
  9 giant cockroaches
  18 goblins
  13 hobgoblins
  2 jackals (D:2)
  7 kobolds
  2 quokkas
  A giant gecko skeleton (D:4)
  4 giant newts
  4 rats
125 creatures vanquished.

Notes
Turn   | Place    | Note
--------------------------------------------------------------
     0 | D:1      | grisgris the Vampire Enchanter began the quest for the Orb.
     0 | D:1      | Reached XP level 1. HP: 13/13 MP: 3/3
   535 | D:1      | Reached XP level 2. HP: 15/19 MP: 3/5
   546 | D:1      | Learned a level 2 spell: Ensorcelled Hibernation
   777 | D:1      | Reached skill level 5 in Stealth
   919 | D:1      | Reached skill level 5 in Hexes
   919 | D:1      | Reached XP level 3. HP: 24/24 MP: 1/6
   924 | D:1      | Learned a level 3 spell: Confuse
  1730 | D:2      | Reached XP level 4. HP: 30/30 MP: 2/7
  2407 | D:3      | Reached XP level 5. HP: 35/35 MP: 2/8
  2506 | D:3      | Found a white marble altar of Elyvilon.
  2702 | D:3      | Found a burning altar of Makhleb.
  2702 | D:3      | Found an oddly glowing altar of Pakellas.
  2990 | D:3      | Reached skill level 1 in Ice Magic
  3033 | D:4      | Noticed Grinder
  3216 | D:4      | Found Tialoal's Antique Weapon Emporium.
  3280 | D:4      | Noticed a phantom
  3661 | D:4      | Reached XP level 6. HP: 41/41 MP: 4/9
  3796 | D:4      | Found a blossoming altar of Fedhas.
  3796 | D:4      | Found an ancient bone altar of Kikubaaqudgha.
  4145 | D:4      | Noticed Robin
  4192 | D:4      | Killed Robin
  4397 | D:4      | Killed Grinder
  4397 | D:4      | Reached XP level 7. HP: 46/46 MP: 8/11
  4761 | D:5      | Entered Level 5 of the Dungeon
  4835 | D:5      | Found a snail-covered altar of Cheibriados.
  5549 | D:5      | Killed from afar by an orc priest

Skill      XL: |  1  2  3  4  5  6  7 |
---------------+----------------------+-----
Stealth        | 5 6 7 8 |  8.1
Hexes          | 5 6 7 8 |  8.0
Dodging        | 3 4 |  4.3
Short Blades   | 2 3 |  3.5
Ice Magic      | 1 2 |  2.8
Spellcasting   | 3 |  3.3

Action                   |  1- 3 |  4- 6 |  7- 9 || total
-------------------------+-------+-------+-------++-------
Melee: Dagger            |   111 |   136 |    41 ||   288
       Bite              |    10 |    14 |     1 ||    25
 Cast: Corona            |     8 |       |       ||     8
       Ensorcelled Hiber |    23 |    48 |    28 ||    99
       Confuse           |       |     6 |     3 ||     9
 Abil: Bat Form          |       |     1 |     2 ||     3
       End Transformatio |       |     1 |     1 ||     2
  Use: Scroll            |     5 |     3 |       ||     8
       Potion            |     1 |     1 |     4 ||     6
 Stab: Sleeping          |    27 |    51 |    19 ||    97
       Confused          |       |     3 |     1 ||     4
Armor: Robe              |    43 |    36 |     9 ||    88
Dodge: Dodged            |   104 |    82 |    35 ||   221
